 Dungeon Crawl Stone Soup version 0.28.0-45-g0d030f2227 (webtiles) character file.

Game seed: 7182520603895811484

271 Zeld the Conjurer (level 6, 0/49 HPs)
             Began as a Draconian Conjurer on Apr 18, 2022.
             Was an Initiate of Vehumet.
             Killed by divine providence
             ... invoked by an orc priest
              (9 damage)
             ... on level 3 of the Dungeon.
             The game lasted 00:03:57 (3152 turns).

Zeld the Conjurer (Draconian Conjurer)              Turns: 3152, Time: 00:03:58

Health: 0/49       AC:  8    Str:  9    XL:     6   Next: 2%
Magic:  0/10       EV: 12    Int: 21    God:    Vehumet [......]
Gold:   94         SH:  0    Dex:  9    Spells: 3/10 levels left

rFire   . . .      SeeInvis .   (no weapon)
rCold   . . .      Faith    .   (no shield)
rNeg    . . .      Spirit   .   (armour unavailable)
rPois   .          Reflect  .   c - +2 hat {Stlth+}
rElec   .          Harm     .   (no cloak)
rCorr   .          Rampage  .   (no gloves)
Will    +....                   (no boots)
Stlth   +++.......              (no amulet)
HPRegen 0.16/turn               h - ring of willpower
MPRegen 0.12/turn               (no ring)

@: no status effects
A: AC +6, unfitting armour, cold-blooded
a: Renounce Religion


You were on level 3 of the Dungeon.
You worshipped Vehumet.
Vehumet was noncommittal.
You visited 2 branches of the dungeon, and saw 5 of its levels.

You collected 94 gold pieces.

Inventory:

Armour
 c - a +2 hat of stealth (worn)
Jewellery
 h - a ring of willpower (left hand)
Scrolls
 a - 5 scrolls of identify {unknown}
 e - a scroll of immolation {unknown}
Potions
 b - a potion of flight {unknown}
 d - a potion of lignification {unknown}
 f - a potion of haste {unknown}
 g - a potion of degeneration {unknown}
 i - a potion of curing {unknown}
 j - a potion of attraction {unknown}


   Skills:
 + Level 2.3 Fighting
 + Level 2.8 Dodging
 + Level 3.0 Stealth
 + Level 2.9 Spellcasting
 * Level 5.3 Conjurations


You had 3 spell levels left.
You knew the following spells:

 Your Spells              Type           Power      Damage    Failure   Level
a - Magic Dart            Conj           100%       1d8       1%          1
b - Searing Ray           Conj           50%        2d6       2%          2
c - Fulminant Prism       Conj/Hex       7%         3d7       41%         4

Your spell library contained the following spells:

 Spells                   Type           Power      Damage    Failure   Level
 Sting                    Tmut/Pois      12%        1d3       14%         1
 Dazzling Flash           Conj/Hex       28%        N/A       14%         3
 Poisonous Vapours        Pois/Air       6%         N/A       21%         2
 Iskenderun's Mystic Bla  Conj/Tloc      14%        2d5       41%         4
 Olgreb's Toxic Radiance  Pois           3%         N/A       80%         4
 Malign Gateway           Summ/Tloc      1%         N/A       100%        7
 Summon Horrible Things   Summ           1%         N/A       100%        8


Dungeon Overview and Level Annotations

Branches:
Dungeon (4/15)             Temple (1/1) D:4

Altars:
Ashenzari
Dithmenos
Fedhas
Gozag
Makhleb
Nemelex Xobeh
Qazlal
Ru
Sif Muna
Uskayaw
Vehumet
Wu Jian
Xom

Shops:
D:4 =


Innate Abilities, Weirdness & Mutations

Your plain brown scales are hard. (AC +6)
You cannot fit into any form of body armour.
You are cold-blooded and may be slowed by cold attacks.


Message History

The orc priest is heavily wounded.
The orc hits you with a +0 whip.
The orc priest hits you but does no damage.
You hit the orc priest.
You tail-slap the orc priest, but do no damage.
The orc priest is severely wounded.
The orc hits you but does no damage. The orc priest closely misses you.
You hit the orc priest.
Your tail-slap misses the orc priest.
The orc priest is severely wounded.
The orc hits you with a +0 whip.
The orc priest hits you but does no damage.
You hit the orc priest but do no damage.
The orc priest is severely wounded.
The orc hits you but does no damage.
The orc priest mumbles some strange prayers to Beogh against you.
Pain shoots through your body!
You closely miss the orc priest.
The orc priest is severely wounded.
The orc closely misses you.
The orc priest mumbles some strange prayers to Beogh against you.
Pain shoots through your body!
* * * LOW HITPOINT WARNING * * *
Casting: Magic Dart (safe; 1% risk of failure)
Confirm with . or Enter, or press ? or * to list all spells.
Aiming: Magic Dart (safe; 1% risk of failure)
Press: ? - help, Shift-Dir - straight line, f/p - orc priest
Aim: an orc priest, wielding a +0 hand axe (severely wounded, 100% to hit)
The magic dart hits the orc priest.
The orc priest is almost dead.
The orc closely misses you. The orc priest closely misses you.
Unknown command.
You hit the orc.
The orc is lightly wounded.
The orc hits you but does no damage. The orc priest closely misses you.
You hit the orc.
The orc is heavily wounded.
The orc completely misses you.
The orc priest calls down the wrath of Beogh upon you.
Beogh smites you!
You die...

........##........#
#.#
........##.###.#.##
#.# .....(...#.#
#.#.# #.#
.......###.# #.#.#
#.# .......###.#
#.#.# #.#
...........# #.#.#
#.# .......#####
#.#.# #.# ########
#.#.# #.# #.#@# #.#
#.oo# #.# ##..#
######.# #..#
#......# #..#
##.##### #.>#####.#
#####....# #.####
#.#


You could see an orc priest and an orc.

Vanquished Creatures
  A bullfrog (D:2)
  Natasha (thrice) (D:3)
  An iguana (D:4)
  6 adders
  6 orcs
  4 ball pythons
  6 endoplasms
  A giant cockroach (D:1)
  5 goblins
  6 hobgoblins
  3 kobolds
  A quokka (D:1)
  4 bats
  A frilled lizard (D:3)
  3 rats
51 creatures vanquished.

Notes
Turn   | Place    | Note
-------+----------+-------------------------------------------
     0 | D:1      | Zeld the Draconian Conjurer began the quest for the Orb.
     0 | D:1      | Reached XP level 1. HP: 14/14 MP: 3/3
   188 | D:1      | Reached XP level 2. HP: 22/22 MP: 0/5
   722 | D:1      | Found a faded altar of an unknown god.
   861 | D:2      | Learned a level 2 spell: Searing Ray
   966 | D:2      | Reached XP level 3. HP: 27/27 MP: 2/6
  1130 | D:2      | Reached skill level 1 in Fighting
  1714 | D:3      | Noticed a bullfrog
  1715 | D:3      | Noticed Natasha
  1751 | D:2      | Killed a bullfrog
  1752 | D:2      | Reached XP level 4. HP: 19/36 MP: 0/7
  1911 | D:2      | Learned a level 4 spell: Fulminant Prism
  1920 | D:3      | Killed Natasha
  1921 | D:3      | Reached XP level 5. HP: 38/41 MP: 1/8
  1922 | D:3      | Noticed Natasha
  1983 | D:3      | Killed Natasha
  1984 | D:3      | Reached skill level 5 in Conjurations
  2061 | D:3      | Noticed Natasha
  2067 | D:3      | Killed Natasha
  2958 | D:4      | Found Jude Hec's Jewellery Shop.
  2958 | D:4      | Found a staircase to the Ecumenical Temple.
  2971 | Temple   | Entered the Ecumenical Temple
  3088 | Temple   | Became a worshipper of Vehumet
  3133 | D:4      | Reached XP level 6. HP: 36/49 MP: 1/10
  3152 | D:3      | Killed from afar by an orc priest

Illustrated notes

Levels and vault maps discovered:
D:1:      dpeg_arrival_three_same_balls, layout_basic,
          ebering_ecumenical_altar_sacrificial
D:2:      layout_basic
D:3:      layout_basic, uniq_natasha
D:4:      layout_basic, minmay_temple_entry_statues_fountains,
          gammafunk_ghost_smash, serial_shops, nicolae_shop_advertising_works
          [nicolae_subvault_shop_adworks], nicolae_inconvenience_store, shop,
          shop
Temple:   dshaligram_water_room_temple

Skill      XL: |  1  2  3  4  5 |
---------------+----------------+-----
Stealth        | 2 3 |  3.0
Dodging        | 2 |  2.8
Fighting       | 1 2 |  2.3
Conjurations   | 5 |  5.3
Spellcasting   | |  2.9

Action                   |  1- 3 |  4- 6 || total
-------------------------+-------+-------++-------
Melee: Unarmed           |    12 |    11 ||    23
       Tailslap          |     2 |     3 ||     5
 Cast: Magic Dart        |    59 |    28 ||    87
       Searing Ray       |     2 |     9 ||    11
Armor: Skin              |    18 |    15 ||    33
Dodge: Dodged            |    24 |    35 ||    59
